 Dungeon Crawl Stone Soup version 0.29-a0-410-g9596d59 (webtiles) character file.

Game seed: 8244368261665004148

114192 Geeful the Warrior (level 16, -7/189 HPs)
             Began as an Ogre Delver on May 14, 2022.
             Was the Champion of Wu Jian.
             Mangled by a two-headed ogre
             ... wielding a +0 giant spiked club
              (8 damage)
             ... on level 15 of the Dungeon.
             The game lasted 02:21:34 (37289 turns).

Geeful the Warrior (Ogre Delver)                   Turns: 37289, Time: 02:21:34

Health: -7/189     AC: 10    Str: 20    XL:     16   Next: 65%
Magic:  16/16      EV: 16    Int: 11    God:    Wu Jian [******]
Gold:   1740       SH:  5    Dex: 16    Spells: 15/15 levels left

rFire   + . .      SeeInvis .   f - +2 giant spiked club (spect)
rCold   . . .      Faith    .   (shield currently unavailable)
rNeg    . . .      Spirit   .   E - +0 acid dragon scales
rPois   +          Reflect  +   (helmet restricted)
rElec   .          Harm     .   w - +2 cloak of an ossuary {+Inv Fly rCorr}
rCorr   +          Rampage  .   (gloves unavailable)
Will    +....                   (boots unavailable)
Stlth   ++........              k - amulet of reflection
HPRegen 0.41/turn               q - ring of poison resistance
MPRegen 0.15/turn               X - ring of protection from fire

@: flying, hasted, very quick
A: large, unfitting armour, tough skin 1
a: Renounce Religion, Evoke Invisibility, Wall Jump, Serpent's Lash, Heavenly
Storm


You were on level 15 of the Dungeon.
You worshipped Wu Jian.
Wu Jian was exalted by your worship.
You visited 3 branches of the dungeon, and saw 23 of its levels.
You also visited: Bailey.

You collected 2040 gold pieces.
You spent 300 gold pieces at shops.

Inventory:

Hand Weapons
 f - a +2 spectral giant spiked club (weapon)
 K - a +0 giant spiked club of flaming
Missiles
 j - 9 poisoned darts
 m - 5 curare-tipped darts
 s - 7 datura-tipped darts
 z - 6 javelins
 B - 4 boomerangs of dispersal
 N - 37 large rocks (quivered)
 P - 6 throwing nets
Armour
 g - a scarf of repulsion
 w - the +2 cloak of an ossuary (worn) {+Inv Fly rCorr}
   (You found it in a bailey)

   +Inv:      It lets you turn invisible.
   Fly:       It grants you flight.
   rCorr:     It protects you from acid and corrosion.
 E - +0 acid dragon scales (worn)
 J - a +2 robe of willpower
Jewellery
 a - a ring of ice
 k - an amulet of reflection (around neck)
 q - a ring of poison resistance (left hand)
 C - a ring of willpower
 U - a ring of resist corrosion
 V - an amulet of the acrobat
 X - a ring of protection from fire (right hand)
 Z - a ring of ice
Wands
 r - a wand of polymorph (19)
 y - a wand of acid (6)
 I - a wand of iceblast (17)
 Q - a wand of paralysis (2)
 R - a wand of charming (10)
 T - a wand of flame (7)
Scrolls
 b - 2 scrolls of immolation
 c - 5 scrolls of fog
 d - 9 scrolls of teleportation
 e - 9 scrolls of fear
 l - 2 scrolls of torment
 t - 3 scrolls of enchant armour
 H - 4 scrolls of amnesia
 M - 2 scrolls of summoning
 O - 2 scrolls of magic mapping
 S - 7 scrolls of identify
 Y - 3 scrolls of silence
Potions
 h - 3 potions of attraction
 i - a potion of heal wounds
 n - 6 potions of mutation
 o - 5 potions of flight
 p - 3 potions of cancellation
 u - 4 potions of lignification
 v - 3 potions of invisibility
 x - 2 potions of haste
 A - 2 potions of brilliance
 D - a potion of magic
 F - 5 potions of curing
 G - a potion of resistance
 L - 5 potions of might
 W - 3 potions of ambrosia


   Skills:
 + Level 19.3 Fighting
 + Level 13.9 Maces & Flails
 + Level 14.9 Throwing
 + Level 13.8 Dodging
 - Level 3.7 Stealth


You had 15 spell levels left.
You didn't know any spells.
Your spell library contained the following spells:

 Spells                   Type           Power      Damage    Failure   Level
 Foxfire                  Conj/Fire      0%         2x1d4     43%         1
 Slow                     Hex            0%         N/A       43%         1
 Sting                    Tmut/Pois      0%         1d3       43%         1
 Poisonous Vapours        Pois/Air       0%         N/A       56%         2
 Scorch                   Fire           0%         2d5       56%         2
 Static Discharge         Conj/Air       0%         N/A       56%         2
 Sublimation of Blood     Necr           0%         N/A       56%         2
 Confusing Touch          Hex            0%         N/A       80%         3
 Conjure Flame            Conj/Fire      0%         6-21      80%         3
 Inner Flame              Hex/Fire       0%         N/A       80%         3
 Ozocubu's Armour         Ice            0%         N/A       80%         3
 Stone Arrow              Conj/Erth      0%         3d7       80%         3
 Tukima's Dance           Hex            0%         N/A       80%         3
 Vampiric Draining        Necr           0%         2d6       80%         3
 Animate Armour           Summ/Erth      0%         N/A       99%         4
 Cause Fear               Hex            0%         N/A       99%         4
 Flame Wave               Conj/Fire      0%         2d4       99%         4
 Olgreb's Toxic Radiance  Pois           0%         N/A       99%         4
 Passage of Golubria      Tloc           0%         N/A       99%         4
 Petrify                  Tmut/Erth      0%         N/A       99%         4
 Summon Lightning Spire   Summ/Air       0%         N/A       99%         4
 Irradiate                Conj/Tmut      0%         3d13      100%        5
 Lightning Bolt           Conj/Air       0%         1d11      100%        5
 Metabolic Englaciation   Hex/Ice        0%         N/A       100%        5
 Yara's Violent Unravell  Hex/Tmut       0%         3d3       100%        5
 Simulacrum               Ice/Necr       0%         N/A       100%        6
 Summon Cactus Giant      Summ           0%         N/A       100%        6
 Storm Form               Tmut/Air       0%         N/A       100%        7
 Discord                  Hex            0%         N/A       100%        8
 Lehudib's Crystal Spear  Conj/Erth      0%         10d2      100%        8
 Maxwell's Capacitive Co  Air            0%         ∞         100%        8


Dungeon Overview and Level Annotations

Branches:
Dungeon (15/15)            Temple (0/1) D:6            Lair (6/6) D:11
 Shoals (0/4) Lair:4        Snake (0/4) Lair:4        Slime (0/5) Lair:5
    Orc (2/2) D:9             Elf (0/3) Orc:2        Vaults (0/5) D:14
 Depths (0/4) D:15         Bailey (visited)

Altars:
Cheibriados
Elyvilon
Fedhas
Gozag
Hepliaklqana
Kikubaaqudgha
Makhleb
Okawaru
Ru
Uskayaw
Vehumet
Wu Jian
Yredelemnul
Zin
The Shining One
Beogh
Jiyva

Shops:
D:2 [   D:3 *!   D:6 *   Orc:2 *[(:

Annotations:
D:3 3 runed translucent doors, exclusion: downstairs, edsrzf's ghost, weakling PaBe
D:4 2 runed translucent doors, ExtraWatermelon's ghost, novice DsFi
D:5 exclusion: downstairs
D:10 exclusion: downstairs
Lair:3 exclusion: 2 downstairs
Lair:4 exclusion: downstairs
Lair:6 exclusion: obsidian statue
Orc:1 1 runed translucent door, SuisLittleHoshiymin's ghost, journeyman HuCj


Innate Abilities, Weirdness & Mutations

You are too large for most types of armour.
You have tough skin. (AC +1)


Message History

Reactivating autopickup.
You feel a bit more experienced.
The two-headed ogre hits you with a +0 giant spiked club!!
The two-headed ogre barely misses you.
You closely miss the two-headed ogre. The ogre completely misses you.
The ogre hits you with a +0 giant club!!
The two-headed ogre barely misses you. You block the two-headed ogre's attack.
You spin and attack the ogre.
You impale the ogre!!
The ogre is severely wounded.
You spin and attack the two-headed ogre.
You barely miss the two-headed ogre.
Your +2 spectral giant spiked club hits the ogre!
You kill the ogre!
The Council accepts your kill.
The two-headed ogre hits you with a +0 giant spiked club!
* * * LOW HITPOINT WARNING * * *
The two-headed ogre misses you.
The ogre hits your +2 spectral giant spiked club with a +0 giant club!
Your spectral weapon shares its damage with you!
* * * LOW HITPOINT WARNING * * *
You spin and attack the two-headed ogre.
You impale the two-headed ogre!!
The two-headed ogre is heavily wounded.
Your +2 spectral giant spiked club hits the two-headed ogre!!
The two-headed ogre attacks as you move away!
The two-headed ogre hits you with a +0 giant spiked club!!
* * * LOW HITPOINT WARNING * * *
The two-headed ogre hits you with a +0 giant club!!
* * * LOW HITPOINT WARNING * * *
You feel much better.
The two-headed ogre hits you with a +0 giant spiked club!
* * * LOW HITPOINT WARNING * * *
The two-headed ogre hits you with a +0 giant club!
* * * LOW HITPOINT WARNING * * *
You feel much better.
You feel yourself speed up.
The two-headed ogre hits you with a +0 giant spiked club!!
* * * LOW HITPOINT WARNING * * *
The two-headed ogre hits you with a +0 giant club!
You die...

#...
....############.
.................
.................
#...............
#.....O§......<.
#....).OOO# ....
#...#####O#.... ...
#...@.#.. . #..#.#.#
#O.. #.#...#..
#...###.....#.##
#####.......#..># #
........####.####.#
........#⌠.)#.......
.......#.....#.....
#....#...#.# ....


You could see a two-headed ogre and an ogre.

Vanquished Creatures
  Saint Roka (Orc:2)
  5 slime creatures
  5 dire elephants
  Josephine (Orc:2)
  An ettin (Orc:2)
  Snorg (D:14)
  4 boulder beetles
  Erolcha (D:9)
  Harold (Orc:1)
  9 hydras
  7 centaur warriors
  2 ogre magi
  2 two-headed ogres (D:14)
  2 tengu warriors (D:15)
  10 death yaks
  An anaconda (Lair:1)
  2 orc high priests (Orc:2)
  Urug (Orc:2)
  Nergalle (Lair:4)
  A deep troll (D:15)
  A spectral anaconda (Lair:6)
  A deep elf archer (D:14)
  2 deep elf pyromancers
  4 necromancers
  3 orc knights
  A wizard (D:15)
  3 manticores
  2 deep elf zephyrmancers (D:14)
  3 ugly things (D:12)
  4 orc sorcerers
  8 cyclopes
  8 black mambas
  16 elephants
  A dire elephant zombie (Lair:6)
  A gargoyle (Bailey)
  A cane toad (shapeshifter) (D:15)
  2 torpor snails
  14 cane toads
  5 rime drakes
  A freezing wraith (D:14)
  2 unseen horrors
  17 komodo dragons
  9 trolls
  4 polar bears
  A hornet (D:8)
  A troll (shapeshifter) (D:14)
  43 blink frogs
  23 dream sheep
  Sigmund (D:5)
  A vampire (Bailey)
  6 shadows
  5 wraiths
  A spriggan (Lair:4)
  33 yaks
  Grum (Lair:1)
  Eustachio (D:5)
  A basilisk (shapeshifter) (D:14)
  5 wyverns
  3 basilisks
  2 death yak simulacra (Lair:6)
  14 vampire mosquitoes
  5 fire bats (Lair:1)
  3 steam dragons
  4 nagas (Lair:4)
  A naga (shapeshifter) (D:14)
  6 wargs
  Duvessa (D:6)
  5 acid dragons
  21 water moccasins
  An ice beast (D:7)
  10 black bears
  10 ogres
  29 orc warriors
  A sky beast (D:6)
  2 elephant zombies (Lair:6)
  29 wolves
  15 centaurs
  2 kobold brigands
  2 phantoms
  16 bullfrogs
  A cane toad simulacrum (Lair:6)
  3 necrophages
  3 gnoll sergeants
  7 scorpions
  9 wights
  Dowan (D:6)
  A troll zombie (D:9)
  5 killer bees (D:11)
  2 elephant simulacra (Lair:6)
  3 electric eels
  19 howler monkeys
  10 vampire bats
  6 wolf zombies (Bailey)
  A hound (D:7)
  2 jellies
  19 orc priests
  2 gnoll shamans
  Jessica (D:3)
  16 iguanas
  2 hell rats (Lair:1)
  31 orc wizards
  5 ogre zombies (D:9)
  A mummy (D:7)
  25 gnolls
  6 adders
  3 shadow imps (D:7)
  2 white imps
  An ufetubus (D:7)
  6 dart slugs
  65 orcs
  10 ball pythons
  2 bats (D:1)
  2 bat skeletons (D:9)
  3 bat zombies (D:9)
  9 endoplasms
  2 giant cockroaches
  9 goblins
  10 hobgoblins
  8 jackals
  20 frilled lizards
  A goblin skeleton (D:9)
  2 goblin zombies (D:9)
  A hobgoblin zombie (D:7)
  15 kobolds
  2 kobold zombies (D:7)
  3 orc skeletons (D:9)
  37 orc zombies
  4 rats
874 creatures vanquished.

Vanquished Creatures (collateral kills)
  A dire elephant (Lair:6)
  A necromancer (Lair:6)
2 creatures vanquished.

Vanquished Creatures (others)
  An orc wizard (Orc:2)
  136 fungi
  145 plants
  29 withered plants
311 creatures vanquished.

Grand Total: 1187 creatures vanquished

Notes
Turn   | Place    | Note
-------+----------+-------------------------------------------
     0 | D:5      | Geeful the Ogre Delver began the quest for the Orb.
     0 | D:5      | Reached XP level 1. HP: 24/24 MP: 1/1
   111 | D:5      | Noticed Eustachio
   254 | D:4      | Noticed an ogre
   379 | D:4      | Reached XP level 2. HP: 28/32 MP: 2/2
  1039 | D:3      | Noticed Jessica
  1039 | D:3      | Found Kona's General Store.
  1054 | D:3      | Killed Jessica
  1055 | D:3      | Reached skill level 1 in Throwing
  1055 | D:3      | Reached XP level 3. HP: 29/40 MP: 3/3
  1233 | D:3      | Found Nuwuroe's Distillery.
  1328 | D:2      | Found Fuemon's Antique Armour Emporium.
  1611 | D:1      | Found a faded altar of an unknown god.
  1711 | D:1      | Reached XP level 4. HP: 48/49 MP: 4/4
  3106 | D:2      | Reached skill level 5 in Fighting
  3393 | D:2      | Reached XP level 5. HP: 57/57 MP: 5/5
  4337 | D:3      | Bought a scroll of identify for 20 gold pieces
  4337 | D:3      | Bought a scroll of identify for 20 gold pieces
  4567 | D:3      | Found a snail-covered altar of Cheibriados.
  4785 | D:3      | Found a runed translucent gate.
  4785 | D:3      | Noticed edsrzf's ghost (weakling PaBe)
  4785 | D:3      | Noticed a kobold brigand
  4786 | D:3      | Found a runed translucent gate.
  4786 | D:3      | Found a runed translucent gate.
  5162 | D:4      | Reached XP level 6. HP: 66/66 MP: 6/6
  5624 | D:4      | Reached skill level 6 in Fighting
  5752 | D:4      | Found a large runed translucent door.
  5752 | D:4      | Found a large runed translucent door.
  5754 | D:4      | Noticed ExtraWatermelon's ghost (novice DsFi)
  5774 | D:4      | Reached XP level 7. HP: 75/75 MP: 7/7
  6607 | D:5      | Noticed Sigmund
  6671 | D:5      | Killed Eustachio
  6672 | D:5      | Reached skill level 7 in Fighting
  6672 | D:5      | Reached XP level 8. HP: 67/87 MP: 8/8
  6775 | D:5      | Killed Sigmund
  6791 | D:5      | Found an ornate altar of the Wu Jian Council.
  6791 | D:5      | Found a radiant altar of Vehumet.
  6791 | D:5      | Found a white marble altar of Elyvilon.
  6791 | D:5      | Found a basalt altar of Yredelemnul.
  6792 | D:5      | Found a hazy altar of Hepliaklqana.
  6792 | D:5      | Found a blossoming altar of Fedhas.
  6793 | D:5      | Found an iron altar of Okawaru.
  6793 | D:5      | Found a glowing golden altar of the Shining One.
  6793 | D:5      | Found a hide-covered altar of Uskayaw.
  6810 | D:5      | Became a worshipper of the Wu Jian Council
  7409 | D:5      | Reached skill level 5 in Maces & Flails
  7409 | D:5      | Reached skill level 5 in Throwing
  7409 | D:5      | Reached skill level 5 in Dodging
  7521 | D:6      | Found a staircase to the Ecumenical Temple.
  7542 | D:6      | Reached skill level 8 in Fighting
  7668 | D:6      | Found Zin's Purification Station.
  7670 | D:6      | Found a glowing silver altar of Zin.
  7692 | D:6      | Reached XP level 9. HP: 67/97 MP: 9/9
  7990 | D:6      | Reached * piety under Wu Jian
  8154 | D:6      | Noticed Duvessa
  8155 | D:6      | Noticed Dowan
  8177 | D:6      | Killed Duvessa
  8181 | D:6      | Killed Dowan
  8405 | D:6      | Reached skill level 9 in Fighting
 10124 | D:8      | Found a flagged portal.
 10136 | D:8      | Reached XP level 10. HP: 110/110 MP: 10/10
 10153 | Bailey   | Entered a bailey
 10229 | Bailey   | Reached ** piety under Wu Jian
 10304 | Bailey   | Reached skill level 10 in Fighting
 10447 | Bailey   | Noticed a gargoyle
 10456 | Bailey   | Killed a gargoyle
 10741 | Bailey   | Reached *** piety under Wu Jian
 10760 | Bailey   | Identified the +2 cloak of an ossuary {+Inv Fly rCorr}
 10761 | Bailey   | Identified the +6 scimitar "Wosocer" {vorpal, *Noise rCorr
                  | Str+3 SInv}
 11325 | D:8      | Noticed a manticore
 11367 | D:8      | Killed a manticore
 11368 | D:8      | Reached skill level 11 in Fighting
 12422 | D:9      | Reached XP level 11. HP: 118/120 MP: 11/11
 12470 | D:9      | Found Ruggesan's Overcharged Wands.
 12742 | D:9      | Found an ancient bone altar of Kikubaaqudgha.
 12847 | D:9      | Noticed Erolcha
 12853 | D:9      | Killed Erolcha
 13028 | D:9      | Reached **** piety under Wu Jian
 13049 | D:9      | Found a staircase to the Orcish Mines.
 13049 | D:9      | Found the +6 arbalest "Damnation" {damnation}
 13591 | D:9      | Noticed a cyclops
 13633 | D:9      | Killed a cyclops
 13634 | D:9      | Reached skill level 12 in Fighting
 14132 | D:10     | Entered Level 10 of the Dungeon
 14659 | D:10     | Reached ***** piety under Wu Jian
 15466 | D:11     | Found a sacrificial altar of Ru.
 15877 | D:11     | Reached XP level 12. HP: 127/133 MP: 12/12
 15977 | D:11     | Reached skill level 13 in Fighting
 16153 | D:11     | Found a staircase to the Lair.
 16165 | D:11     | Noticed a boulder beetle
 16176 | D:11     | Killed a boulder beetle
 16315 | D:11     | Noticed a five-headed hydra
 16319 | D:11     | Killed a five-headed hydra
 16609 | Lair:1   | Entered Level 1 of the Lair of Beasts
 16612 | Lair:1   | Reached skill level 10 in Throwing
 17189 | Lair:1   | Noticed Grum
 17196 | Lair:1   | Killed Grum
 17316 | Lair:1   | Reached skill level 14 in Fighting
 17795 | Lair:1   | Reached skill level 10 in Maces & Flails
 17805 | Lair:1   | Noticed a dire elephant
 17824 | Lair:1   | Noticed an anaconda
 17844 | Lair:1   | Killed a dire elephant
 17845 | Lair:1   | Reached skill level 10 in Dodging
 17912 | Lair:1   | Killed an anaconda
 17913 | Lair:1   | Reached XP level 13. HP: 97/148 MP: 13/13
 18096 | Lair:1   | Noticed a dire elephant
 18180 | Lair:1   | Killed a dire elephant
 18380 | Lair:1   | Identified the +5 rapier "Teofutul" {holy, rPois rN+ SInv}
 19007 | Lair:1   | Reached skill level 15 in Fighting
 19139 | Lair:1   | Reached ****** piety under Wu Jian
 20250 | Lair:2   | Identified the +11 rapier "Fecsutum" {elec, rC+ Str-5 Int-3
                  | Dex+10}
 22234 | Lair:3   | Reached XP level 14. HP: 161/161 MP: 14/14
 22349 | Lair:3   | Reached skill level 16 in Fighting
 22896 | Lair:4   | Found a staircase to the Snake Pit.
 22987 | Lair:4   | Found a staircase to the Shoals.
 23514 | Lair:4   | Noticed Nergalle
 23523 | Lair:4   | Killed Nergalle
 25204 | Lair:5   | Found a staircase to the Slime Pits.
 25204 | Lair:5   | Found a viscous altar of Jiyva.
 25819 | Lair:5   | Reached skill level 17 in Fighting
 26210 | Lair:6   | Entered Level 6 of the Lair of Beasts
 26694 | Lair:6   | Reached XP level 15. HP: 174/174 MP: 15/15
 27929 | Lair:6   | Found the +2 Maxwell's thermic engine {flame, freeze}
 28850 | Lair:6   | Reached skill level 18 in Fighting
 29185 | Orc:1    | Entered Level 1 of the Orcish Mines
 29189 | Orc:1    | Found a burning altar of Makhleb.
 29216 | Orc:1    | Noticed Harold
 29225 | Orc:1    | Killed Harold
 29335 | Orc:2    | Entered Level 2 of the Orcish Mines
 29877 | Orc:2    | Noticed Josephine
 30015 | Orc:2    | Killed Josephine
 30206 | Orc:2    | Noticed Urug
 30264 | Orc:2    | Killed Urug
 30413 | Orc:2    | Noticed Saint Roka
 30692 | Orc:2    | Killed Saint Roka
 31064 | Orc:2    | Found Raifyck's Antique Armour Shoppe.
 31081 | Orc:2    | Found Foreuze's Book Shoppe.
 31100 | Orc:2    | Found Rememe's Antique Weapon Shoppe.
 31119 | Orc:2    | Found Ydasiuh's General Store.
 31126 | Orc:2    | Bought a potion of might for 60 gold pieces
 31147 | Orc:2    | Bought an embroidered scarf for 200 gold pieces
 31320 | Orc:2    | Found a staircase to the Elven Halls.
 32072 | Orc:1    | Found a runed translucent door.
 32115 | Orc:1    | Noticed SuisLittleHoshiymin's ghost (journeyman HuCj)
 32564 | D:12     | Reached XP level 16. HP: 174/188 MP: 16/16
 34719 | D:14     | Reached skill level 19 in Fighting
 35460 | D:14     | Found an opulent altar of Gozag.
 36218 | D:14     | Noticed Snorg
 36227 | D:14     | Killed Snorg
 36603 | D:14     | Found a gate to the Vaults.
 36809 | D:15     | Entered Level 15 of the Dungeon
 36815 | D:15     | Found a blossoming altar of Fedhas.
 37268 | D:15     | Found a staircase to the Depths.
 37286 | D:15     | HP: 6/189 [two-headed ogre/+0 giant spiked club (22)]
 37289 | D:15     | HP: 1/189 [two-headed ogre/+0 giant spiked club (33)]
 37289 | D:15     | Mangled by a two-headed ogre

Illustrated notes

Levels and vault maps discovered:
D:1:      dreamdust_arrival_beginning_and_end, layout_basic,
          chequers_ecumenical_altar_island, minmay_heptomino_w4
D:2:      layout_loops_ring, serial_shops, nicolae_square_shop
D:3:      layout_basic, cheibriados_altar_1, serial_corexii_hall,
          corexii_hall_statues_x, chequers_hall_statues_corner_a, serial_shops,
          shop, nicolae_shop_advertising_works [nicolae_subvault_shop_adworks],
          gammafunk_ghost_nasty_kobolds, uniq_jessica
D:4:      layout_basic, ebering_ghost_disaster_area
D:5:      layout_basic, nicolae_overflows_in_rows, dreamdust_mushroom_princess,
          uniq_sigmund, uniq_eustachio
D:6:      layout_loops_ring, zin_purify, minmay_temple_entry_wispy,
          grunt_ministairs_15, minivault_11, uniq_duvessa
D:7:      layout_basic, minmay_misc_feat_pillars, grunt_ministairs_5,
          minmay_mini_ossuary
D:8:      layout_layer_cave, enter_bailey_4
D:9:      layout_rooms, kennysheep_vampire_church, zombieorc1_lemuel,
          serial_curves, eino_curves_03, eino_curves_02, eino_curves_01,
          chequers_jeans, nicolae_shop_overcharged_wands, uniq_erolcha
D:10:     layout_stronghold, amcnicky_mini_rare_corridor_liquid,
          nooodl_orcs_dogs
D:11:     layout_long_grid, due_lair_maze_entry_diamond,
          nicolae_ru_the_path_less_chosen
D:12:     layout_basic
D:13:     layout_irregular_city
D:14:     layout_irregular_city, hangedman_vaults_entry_quadrant_bands,
          nicolae_gozag_seed_capital, uniq_snorg
D:15:     hangedman_depths_entry_civil_slaughter, layout_long_grid,
          fedhas_altar_2
Lair:1:   lemuel_reptile_caves, layout_gridlike, serial_bayou_pond_e,
          nicolae_lair_lakeside_cave, uniq_grum
Lair:2:   nzn_winding_woodlands_cross [nzn_winding_woodlands_5x15_split_checker,
          nzn_winding_woodlands_5x15_twine, nzn_winding_woodlands_5x15_crooked,
          nzn_winding_woodlands_5x15_garden,
          nzn_winding_woodlands_15x15_killbox], layout_gridlike,
          nzn_sisyphean_effort
Lair:3:   layout_loops_ring
Lair:4:   layout_loops_ring, shoals_dummy_entry, guppyfry_snake_entry_garden,
          serial_bayou_lagoon_a, nicolae_quartered_pool_medium,
          grunt_forest_stairs_clearing, uniq_nergalle
Lair:5:   layout_cave_pods, slime_altar_1
Lair:6:   due_jungle_book, layout_regular_city, grunt_megastairs_2
Orc:1:    layout_diamond_mine, basic_altar, gammafunk_ghost_grave, uniq_harold
Orc:2:    grunt_orc_cross, layout_caves, uniq_josephine

Skill      XL: |  1  2  3  4  5  6  7  8  9 10 11 12 13 14 15 16 |
---------------+-------------------------------------------------+-----
Maces & Flails | 2 3 4 5 6 7 9 10 11 12 13 | 13.9
Dodging        | 2 3 4 5 6 7 8 10 11 12 13 | 13.8
Throwing       | 1 2 3 4 5 6 8 9 10 12 13 14 | 14.9
Fighting       | 5 6 7 8 9 11 12 14 15 17 18 19 | 19.3
Stealth        | |  3.7

Action                   |  1- 3 |  4- 6 |  7- 9 | 10-12 | 13-15 | 16-18 || total
-------------------------+-------+-------+-------+-------+-------+-------++-------
Melee: Mace              |    83 |   155 |       |       |       |       ||   238
       Punch             |       |     2 |       |       |       |       ||     2
       Giant spiked club |       |    12 |   156 |   435 |   748 |   209 ||  1560
Throw: Dart              |       |    17 |    18 |    17 |    17 |       ||    69
       Javelin           |       |     9 |     6 |     2 |     4 |       ||    21
       Large rock        |       |       |       |     3 |    34 |    13 ||    50
       Boomerang         |       |       |       |       |    56 |       ||    56
Invok: Lunge             |       |       |    12 |    68 |    75 |    21 ||   176
       Whirlwind         |       |       |       |     1 |   172 |    29 ||   202
 Abil: Wall Jump         |       |       |       |     1 |       |       ||     1
Evoke: Wand              |       |       |       |     2 |     3 |       ||     5
  Use: Scroll            |     1 |    10 |    10 |     9 |     9 |       ||    39
       Potion            |       |     3 |     2 |     2 |     1 |     5 ||    13
 Stab: Sleeping          |     4 |     5 |     4 |     7 |     2 |     1 ||    23
       Distracted        |       |       |     3 |     4 |     7 |     2 ||    16
Armor: Robe              |    20 |    36 |    18 |       |       |       ||    74
       Steam dragon scal |       |       |    23 |    91 |       |       ||   114
       Acid dragon scale |       |       |       |    94 |   169 |    63 ||   326
Dodge: Dodged            |    44 |    97 |   115 |   256 |   464 |   184 ||  1160
Block: Other             |       |       |    14 |   110 |   142 |    59 ||   325
       Reflection        |       |       |       |     2 |       |    10 ||    12

Table legend: (Time is in decaauts)
 A = Elapsed time spent in this place.
 B = Non-inter-level travel time spent in this place.
 C = Inter-level travel time spent in this place.
 D = Time resting spent in this place.
 E = Time spent auto-exploring this place.
 F = Levels seen in this place.
 G = Mean time per level.
                   A        B        C        D        E       F      G
               +--------+--------+--------+--------+--------+-----+--------+
         Total |  37725 |  36506 |   1219 |   4706 |  23257 |  24 | 1571.9 |
       Dungeon |  21150 |  20441 |    709 |   2442 |  13439 |  15 | 1410.0 |
          Lair |  12622 |  12193 |    429 |   1116 |   8604 |   6 | 2103.7 |
  Orcish Mines |   3233 |   3152 |     81 |   1115 |    927 |   2 | 1616.5 |
        Bailey |    720 |    720 |      0 |     33 |    287 |   1 |  720.0 |
               +--------+--------+--------+--------+--------+-----+--------+

Top non-repeatable levels by time:
  Lair:1: 2978 daAuts
  Lair:6: 2848 daAuts
    D:14: 2176 daAuts
  Lair:2: 2155 daAuts
     D:9: 1931 daAuts
   Orc:2: 1872 daAuts
     D:5: 1855 daAuts
  Lair:3: 1834 daAuts
     D:4: 1756 daAuts
     D:8: 1502 daAuts
  Lair:5: 1484 daAuts
     D:1: 1419 daAuts
    D:11: 1414 daAuts
     D:2: 1362 daAuts
   Orc:1: 1360 daAuts
